 Dungeon Crawl Stone Soup version 0.29.0-4-gdea44cf6ec (webtiles) character file.

Game seed: 8981509136402675903

77 qw the Sneak (level 4, 0/28 HPs)
             Began as a Gargoyle Delver on Sept 10, 2022.
             Slain by a goblin
             ... wielding a +0 dagger
             ... led by Robin
              (5 damage)
             ... on level 2 of the Dungeon.
             The game lasted 00:00:46 (2081 turns).

qw the Sneak (Gargoyle Delver)                      Turns: 2081, Time: 00:00:47

Health: 0/28       AC: 10    Str: 18    XL:     4   Next: 33%
Magic:  4/4        EV:  9    Int: 10    God:
Gold:   65         SH:  0    Dex: 11    Spells: 3/3 levels left

rFire   . . .      SeeInvis .   Y - +0 hand axe
rCold   . . .      Faith    .   (no shield)
rNeg    + . .      Spirit   .   b - +0 scale mail
rPois   inf        Reflect  .   (no helmet)
rElec   +          Harm     .   (no cloak)
rCorr   .          Rampage  .   (no gloves)
Will    .....                   j - +0 pair of boots
Stlth   +.........              (no amulet)
HPRegen 0.09/turn               (no ring)
MPRegen 0.09/turn               (no ring)

@: no status effects
A: sickness immunity, AC +3, negative energy resistance 1, electricity
resistance, torment resistance 1, petrification resistance
a: no special abilities


You were on level 2 of the Dungeon.
You visited 1 branch of the dungeon, and saw 5 of its levels.

You collected 65 gold pieces.


Innate Abilities, Weirdness & Mutations

You are immune to sickness and miasma.
Your stone body is resilient. (AC +3)
You are immune to poison.
You resist negative energy. (rN+)
You are resistant to electric shocks. (rElec)
You are resistant to unholy torment.
You are immune to petrification.


   Skills:
 - Level 3.2 Fighting
 + Level 3.9 Axes
 - Level 1.0 Armour
 - Level 1.5 Dodging
 - Level 5.4 Stealth


You had 3 spell levels left.
You didn't know any spells.
Your spell library was empty.

Inventory:

Hand Weapons
 d - a +0 whip
 Y - a +0 hand axe (weapon)
Armour
 b - a +0 scale mail (worn)
 i - a +0 helmet
 j - a +0 pair of boots (worn)
Jewellery
 h - an amulet of regeneration
Wands
 g - a wand of digging (3)
Potions
 a - a potion of heal wounds {unknown}
 c - a potion of curing {unknown}
 e - a potion of mutation {unknown}
 f - a potion of haste

Dungeon Overview and Level Annotations

Branches:
Dungeon (5/15)
 Temple: D:4-7

Altars:
Cheibriados

Annotations:
D:2 Robin


Message History

You kill the goblin!
You closely miss the goblin. You barely miss the goblin.
Robin roars a battlecry!
The goblins go into a battle-frenzy!
The goblin hits you but does no damage. x3
You closely miss the goblin.
The goblin is severely wounded.
You hit the goblin.
You kill the goblin!
You barely miss the goblin. Robin throws the goblin at you!
The goblin hits you but does no damage. The goblin hits you with a +0 hand axe.
The goblin hits you with a +0 spear.
You barely miss the goblin.
The goblin is severely wounded.
You closely miss the goblin. You barely miss the goblin. x2
Robin roars a battlecry!
The goblin goes into a battle-frenzy!
The goblin closely misses you. The goblin barely misses you.
The goblin hits you with a +0 hand axe! The goblin barely misses you.
A goblin comes into view. It is wielding a +0 dagger.
You barely miss the goblin.
The goblin is severely wounded.
You hit the goblin. x2
You kill the goblin!
You barely miss the goblin. The goblin hits you with a +0 hand axe.
The goblin misses you. The goblin hits you but does no damage.
You hit the goblin.
You kill the goblin!
You hit the goblin.
You kill the goblin!
You closely miss the goblin. The goblin hits you with a +0 dagger.
You hit the goblin but do no damage.
The goblin is heavily wounded.
You hit Robin.
Robin roars a battlecry!
The goblin goes into a battle-frenzy!
The goblin hits you with a +0 dagger.
You die...

#.## ### #..# #.#
#.. .....
+#######%# #.#
.####.#
....:....# #.# #.
#.# ######..##
#.# ## #.. #..#
#.# .# #.#
#..#####.###.##.#
.#
#.......).)gg....
#.######g@g####.
... #.).).# ####
#.....g....g
.........######
####....## #.#.##
#.#.. #.###


You could see Robin, a hobgoblin (strong) and 3 goblins.

Vanquished Creatures
  3 adders
  A worm (D:4)
  2 dart slugs
  2 orcs
  2 ball pythons (D:1)
  An endoplasm (D:1)
  A giant cockroach (D:1)
  7 hobgoblins
  A quokka (D:3)
  3 bats
  2 frilled lizards
  9 goblins
  6 rats
40 creatures vanquished.

Notes
Turn   | Place    | Note
-------+----------+-------------------------------------------
     0 | D:5      | qw the Gargoyle Delver began the quest for the Orb.
     0 | D:5      | Reached XP level 1. HP: 14/14 MP: 1/1
     0 | D:5      | 0 ||| qw: Version: 0.1-a-116-g5d60599
     0 | D:5      | 0 ||| qw: Game counter: 9354
     0 | D:5      | 0 ||| qw: Always use a shield: true
     0 | D:5      | 0 ||| qw: God list: Okawaru
     0 | D:5      | 0 ||| qw: Allow faded altars: false
     0 | D:5      | 0 ||| qw: Do Orc after D:15 true
     0 | D:5      | 0 ||| qw: Do second Lair branch before Depths: true
     0 | D:5      | 0 ||| qw: Lair rune preference: random
     0 | D:5      | 0 ||| qw: Plans: Normal
     0 | D:5      | 0 ||| PLANNING D:1-11
    34 | D:5      | 34 ||| UPGRADING to +0 ring mail.
    44 | D:5      | 44 ||| DROPPING +0 leather armour.
    45 | D:5      | 45 ||| UPGRADING to +0 pair of boots.
    50 | D:5      | 50 ||| DRINKING 2 clear potions.
    51 | D:5      | 51 ||| DROPPING scroll of fog.
    52 | D:5      | 52 ||| DROPPING scroll of magic mapping.
    53 | D:5      | 53 ||| DROPPING scroll of fear.
    54 | D:5      | 54 ||| DROPPING potion of brilliance.
    77 | D:4      | HP: 1/14 [worm (4)]
   414 | D:4      | Reached XP level 2. HP: 11/19 MP: 2/2
   428 | D:4      | Noticed a phantom
   429 | D:4      | 429 ||| Stepping ~*~*~tactically~*~*~ (stealth).
   438 | D:4      | 438 ||| Stepping ~*~*~tactically~*~*~ (stealth).
   579 | D:3      | Reached skill level 3 in Axes
   725 | D:3      | 725 ||| Stepping ~*~*~tactically~*~*~ (stealth).
   850 | D:3      | Reached XP level 3. HP: 23/23 MP: 3/3
   917 | D:3      | 917 ||| Stepping ~*~*~tactically~*~*~ (stealth).
   920 | D:3      | 920 ||| Stepping ~*~*~tactically~*~*~ (stealth).
   928 | D:3      | 928 ||| Stepping ~*~*~tactically~*~*~ (stealth).
   929 | D:3      | 929 ||| Stepping ~*~*~tactically~*~*~ (stealth).
   941 | D:3      | Reached skill level 1 in Armour
  1003 | D:3      | Found a snail-covered altar of Cheibriados.
  1095 | D:3      | 1095 ||| UPGRADING to +0 scale mail.
  1105 | D:3      | 1105 ||| DROPPING +0 ring mail.
  1106 | D:3      | 1106 ||| READING scroll labelled JOHURPH QOCECKOATTA.
  1613 | D:1      | You fall into a shaft and drop 1 floor!
  1638 | D:2      | 1638 ||| Stepping ~*~*~tactically~*~*~ (stealth).
  1640 | D:2      | Reached XP level 4. HP: 28/28 MP: 4/4
  1640 | D:2      | 1640 ||| READING scroll labelled ILUUJO VEGRUMA.
  1641 | D:2      | 1641 ||| READING 2 scrolls labelled ROPSAE ACLEB.
  1642 | D:2      | 1642 ||| READING scroll labelled NAD OSOACAPN.
  1643 | D:2      | 1643 ||| DROPPING scroll of poison.
  1720 | D:1      | 1720 ||| Stepping ~*~*~tactically~*~*~ (stealth).
  1721 | D:1      | 1721 ||| Stepping ~*~*~tactically~*~*~ (stealth).
  1781 | D:1      | 1781 ||| Stepping ~*~*~tactically~*~*~ (stealth).
  1783 | D:1      | 1783 ||| Stepping ~*~*~tactically~*~*~ (stealth).
  2002 | D:1      | 2002 ||| READING scroll labelled ISMIUL GUIJISE.
  2066 | D:2      | 2066 ||| Stepping ~*~*~tactically~*~*~ (stealth).
  2067 | D:2      | 2067 ||| Stepping ~*~*~tactically~*~*~ (stealth).
  2068 | D:2      | 2068 ||| Stepping ~*~*~tactically~*~*~ (stealth).
  2069 | D:2      | Noticed Robin
  2080 | D:2      | HP: 5/28 [goblin/+0 dagger[Robin] (4)]
  2081 | D:2      | Slain by a goblin

Levels and vault maps discovered:
D:1:      nzn_arrival_settlement, layout_basic, minmay_stone_trees_medium,
          hex_medium, minmay_crystal_water
D:2:      layout_loops_ring, serial_shops, shop,
          hellmonk_ecumenical_altar_run_dry, minmay_door_square, uniq_robin
D:3:      layout_loops_ring, kiku_gazebo_garden_becter,
          mainiacjoe_overflow_big_doors, serial_shops, shop
D:4:      cheibrodos_thug_alley, layout_loops_ring, grunt_temple_overflow_open
D:5:      layout_cave_pods, lemuel_doored_altar, chequers_serial_rivers_room_b,
          minmay_quadrilaterals

Skill      XL: |  1  2  3 |
---------------+----------+-----
Axes           | 2 3 |  3.9
Armour         | 1 |  1.0
Fighting       | |  3.2
Dodging        | |  1.5
Stealth        | |  5.4

Action                   |  1- 3 |  4- 6 || total
-------------------------+-------+-------++-------
Melee: Hand axe          |   103 |    22 ||   125
       Punch             |     1 |       ||     1
  Use: Potion            |     1 |       ||     1
       Scroll            |     1 |     4 ||     5
 Stab: Sleeping          |     2 |       ||     2
Armor: Ring mail         |    23 |       ||    23
       Scale mail        |    18 |    17 ||    35
Dodge: Dodged            |    38 |    16 ||    54

Table legend:
 A = Non-vault XP
 B = Vault XP
 C = Vault XP percentage of total XP
 D = Non-vault monster count
 E = Vault monster count
 F = Vault count percentage of total count
                 A         B        C        D         E       F
            +---------+---------+-------+---------+---------+-------
      Total |     102 |       8 |   7.3 |      35 |       5 |  12.5
            +---------+---------+-------+---------+---------+-------
        D:1 |      26 |       0 |   0.0 |      16 |       0 |   0.0
        D:2 |      16 |       8 |  33.3 |       3 |       5 |  62.5
        D:3 |      48 |       0 |   0.0 |      13 |       0 |   0.0
        D:4 |       8 |       0 |   0.0 |       2 |       0 |   0.0
        D:5 |       4 |       0 |   0.0 |       1 |       0 |   0.0
            +---------+---------+-------+---------+---------+-------
